 Dungeon Crawl Stone Soup version 0.31-a0-1068-g5939ac1fb6 (webtiles) character file.

Game seed: 7654338311800300679

15687 kae the Slicer (level 12, -9/91 HPs)
             Began as a Demonspawn Enchanter on Nov 24, 2023.
             Was a Follower of Dithmenos.
             Mangled by a cyan ugly thing (14 damage)
             ... on level 14 of the Dungeon.
             The game lasted 00:14:36 (12370 turns).

kae the Slicer (Demonspawn Enchanter)              Turns: 12370, Time: 00:14:37

Health: -9/91      AC: 10    Str: 13    XL:     12   Next: 3%
Magic:  0/18       EV: 17    Int: 18    God:    Dithmenos [*.....]
Gold:   10         SH:  6    Dex: 13    Spells: 4/19 levels left

rFire   . . .        l - +6 dagger (venom)
rCold   . . .        v - +1 buckler
rNeg    . . .        K - +0 acid dragon scales
rPois   .            (helmet restricted)
rElec   .            (no cloak)
rCorr   +            w - +1 pair of gloves
SInv    .            (no boots)
Will    +....        A - amulet of the acrobat
Stlth   ++++         Y - +4 ring of slaying
HPRegen 0.35/turn    E - +5 ring of evasion
MPRegen 0.32/turn

%: acrobat, guardian spirit
@: about to teleport, slowed, wreathed by umbra, very slow
A: antennae 2, slimy green scales 1, magic shield, magic regeneration, demonic
magic 2, demonic willpower
a: Renounce Religion


You were on level 14 of the Dungeon.
You worshipped Dithmenos.
Dithmenos was aware of your devotion.
You visited 2 branches of the dungeon, and saw 14 of its levels.

You collected 594 gold pieces.
You spent 584 gold pieces at shops.


Innate Abilities, Weirdness & Mutations

You have a pair of antennae on your head.
You are partially covered in slimy green scales. (AC +2)
When hurt, damage is shared between your health and your magic reserves.
You regenerate magic rapidly.
Spells you cast may paralyse nearby enemies.
You punish those that try to bend your will. (Will+)


   Skills:
 + Level 7.6 Fighting
 * Level 9.8 Short Blades
 + Level 2.7 Armour
 + Level 5.1 Dodging
 + Level 8.0 Stealth
 - Level 5.0 Shields
 + Level 4.1 Spellcasting
 * Level 8.2 Hexes
 - Level 4.0 Ice Magic


You had 4 spell levels left.
You knew the following spells:

 Your Spells              Type           Power      Damage    Failure   Level
a - Ensorcelled Hibernat  Hex/Ice        50%        N/A       3%          2
b - Confusing Touch       Hex            33%        N/A       2%          3
c - Tukima's Dance        Hex            33%        N/A       2%          3
d - Dazzling Flash        Conj/Hex       36%        N/A       16%         3
e - Cause Fear            Hex            16%        N/A       10%         4

Your spell library contained the following spells:

 Spells                   Type           Power      Damage    Failure   Level
 Ozocubu's Armour         Ice            18%        N/A       16%         3
 Necrotise                Necr           12%        1d4       28%         1
 Anguish                  Hex/Necr       9%         N/A       45%         4
 Vampiric Draining        Necr           3%         2d6       63%         3
 Metabolic Englaciation   Hex/Ice        12%        N/A       54%         5
 Agony                    Necr           3%         N/A       100%        5
 Simulacrum               Ice/Necr       5%         N/A       100%        6
 Enfeeble                 Hex            16%        N/A       100%        7

Inventory:

Hand Weapons
 a - a +1 dagger of venom
 l - a +6 dagger of venom (weapon)
   (You took it off Robin on level 1 of the Dungeon)
Missiles
 f - 107 stones
 m - 5 atropa-tipped darts
 r - 17 poisoned darts
 D - 9 boomerangs
 J - a curare-tipped dart {=f}
 N - 3 javelins
Armour
 b - a +0 robe
 v - a +1 buckler (worn)
   (You found it on level 4 of the Dungeon)
 w - a +1 pair of gloves (worn)
   (You found it on level 6 of the Dungeon)
 K - +0 acid dragon scales (worn)
   (You found it on level 11 of the Dungeon)
Jewellery
 A - an amulet of the acrobat (around neck)
   (You found it on level 6 of the Dungeon)
 E - a +5 ring of evasion (right hand)
   (You found it on level 5 of the Dungeon)
 I - a +6 ring of intelligence
   (You found it on level 6 of the Dungeon)
 R - a ring of resist corrosion
   (You found it on level 6 of the Dungeon)
 Y - a +4 ring of slaying (left hand)
   (You found it on level 3 of the Dungeon)
Wands
 u - a wand of polymorph (7)
   (You found it on level 5 of the Dungeon)
 y - a wand of mindburst (7)
   (You found it on level 6 of the Dungeon)
 G - a wand of flame (65)
   (You found it on level 7 of the Dungeon)
 H - a wand of paralysis (7)
   (You found it on level 7 of the Dungeon)
 O - a wand of digging (2)
   (You found it on level 9 of the Dungeon)
Scrolls
 d - 2 scrolls of amnesia
 g - 2 scrolls of revelation
 k - 2 scrolls of poison {!r}
 o - 2 scrolls of fog
 B - 3 scrolls of teleportation {@r4}
 C - 2 scrolls of fear
 F - 3 scrolls of vulnerability {!r!r}
 P - a scroll of immolation {!r!r}
Potions
 c - 3 potions of invisibility
 e - 3 potions of might
 h - 7 potions of curing {@q1}
 i - 2 potions of cancellation
 j - 4 potions of haste {unknown}
 n - 2 potions of mutation {!q}
 p - 6 potions of degeneration {!q}
 q - 3 potions of heal wounds {unknown}
 s - a potion of lignification {!q}
 t - 2 potions of brilliance
 x - 5 potions of attraction {!q}
 z - 3 potions of berserk rage {!q}
 L - 2 potions of enlightenment
 M - a potion of magic

Dungeon Overview and Level Annotations

Branches:
Dungeon (12/15) Zot: 26742  Temple (1/1) D:6 Zot: 5998    Lair (0/5) D:11
    Orc (0/2) D:9

Altars:
Ashenzari
Cheibriados
Dithmenos
Fedhas
Gozag
Hepliaklqana
Kikubaaqudgha
Makhleb
Nemelex Xobeh
Okawaru
Qazlal
Ru
Sif Muna
Trog
Uskayaw
Vehumet
Wu Jian
Xom
Yredelemnul

Shops:
D:3 *   D:11 ?:=[   D:14 *

Annotations:
D:11 1 runed translucent door, exclusions: skeletal warrior and wraith, DEFE's ghost, journeyman DsWn

#........#...
#........#...
#.#########......
................
..########......
.########......
...............
#####...########...
+.@uW.#...######.##
#####.............#
#.#......###..#
#.#...##......#
####.#...######...
#...u#...## #....
#.........####...#
#...∩............#
#.........#.##....


You could see a cyan ugly thing and a wraith.


Message History

You regained 2 hp, and now have 43/84 hp.
Your mp is fully restored (17).
You close the door.
Key pressed, stopping explore.
Found Erauk's Assorted Antiques. 😎 HP[+41]
Your hp is fully restored (84).
There is an entrance to Erauk's Assorted Antiques here.
Q - 2 scrolls of identify {@r1} (gained 1) Thank you for shopping at Erauk's Assorted Antiques!
As you read the scroll of identify {@r1}, it crumbles to dust.
M - a potion of magic
As you read the scroll of identify {@r1}, it crumbles to dust.
e - 3 potions of might A cyan ugly thing comes into view.
A cyan ugly thing is nearby!
A cyan ugly thing comes into view.
You see here 9 stones.
f - 107 stones (gained 9)
The cyan ugly thing gurgles horribly! x2
A cyan ugly thing comes into view.
You hear a horrible gurgling sound! x2
You hear a horrible gurgling sound!
A purple ugly thing comes into view.
There is an entrance to Erauk's Assorted Antiques here.
A wraith comes into view.
You block the wraith's attack. The wraith attacks as it pursues you!
The wraith hits you! The wraith drains your vigour!
You feel yourself slow down. 😕 HP[-8]
You take 8 damage, and now have 76/84 hp.
The wraith attacks as it pursues you! The wraith closely misses you. 😕 HP[+1]
Casting: Ensorcelled Hibernation (safe; 3% risk of failure)
Confirm with . or Enter, or press ? or * to list all spells.
Your hands begin to glow red.
Malevolent energies surge around you. The wraith barely misses you.
The wraith hits you but does no damage.
The wraith completely misses you. 😕 HP[+1] MP[-3]
You lost 3 mp, and now have 14/17 mp.
You closely miss the wraith. The wraith hits you. 😕 HP[-4] MP[+1]
You take 4 damage, and now have 74/84 hp.
Unknown command.
You hit the wraith but do no damage. The wraith hits you.
The wraith drains your vigour!
You feel as though you will be slow longer. 😕 HP[-4]
You take 4 damage, and now have 70/84 hp.
You hit the wraith but do no damage.
You hit the wraith but do no damage. 😕 HP[+1]
Casting: Confusing Touch (mildly dangerous; 3% risk of failure)
Confirm with . or Enter, or press ? or * to list all spells.
Your hands begin to glow brighter.
Malevolent energies surge around you.
The wraith suddenly stops moving!
You block the cyan ugly thing's attack. The cyan ugly thing barely misses you.
The cyan ugly thing closely misses you. 😕 HP[+1] MP[-2]
You lost 2 mp, and now have 13/17 mp.
You hit the cyan ugly thing but do no damage.
The cyan ugly thing appears confused.
You catch the helpless cyan ugly thing completely off-guard!
You impale the cyan ugly thing!!
The cyan ugly thing is poisoned.
The wraith is no longer paralysed. 😕 MP[+1] Unknown command.
You catch the helpless cyan ugly thing completely off-guard!
You impale the cyan ugly thing!!
The cyan ugly thing looks as sick as possible!
The cyan ugly thing bites you!
The cyan ugly thing shocks you! 😮 HP[-21]
You take 21 damage, and now have 51/84 hp.
MASSIVE DAMAGE!! (PAUSE)
You puncture the cyan ugly thing! The cyan ugly thing bites you!
* * * LOW HITPOINT WARNING * * *
The cyan ugly thing shocks you!
* * * LOW HITPOINT WARNING * * *
😨 HP[-25]
You take 25 damage, and now have 26/84 hp.
MASSIVE DAMAGE!! (PAUSE)
You hit the cyan ugly thing.
You kill the cyan ugly thing!
Dithmenos accepts your kill.
You have reached level 12!
You feel stronger.
Your demonic ancestry asserts itself...
You feel your magical essence form a protective shroud around your flesh. 😨 HP[+2] MP[+1]
You now have 91 max hp (+7).
You regained 2 hp, and now have 28/91 hp.
As you read the scroll of teleportation {@r4}, it crumbles to dust.
You feel strangely unstable. The cyan ugly thing headbutts you!
* * * LOW HITPOINT WARNING * * *
The cyan ugly thing shocks you!
* * * LOW HITPOINT WARNING * * *
The cyan ugly thing headbutts you!
* * * LOW HITPOINT WARNING * * *
The cyan ugly thing shocks you!
You die...

Skill      XL: |  1  2  3  4  5  6  7  8  9 10 11 |
---------------+----------------------------------+-----
Short Blades   | 1 2 3 5 6 8 9 |  9.8
Dodging        | 2 3 4 5 |  5.1
Stealth        | 3 4 5 6 8 |  8.0
Fighting       | 1 2 3 5 6 7 |  7.6
Ice Magic      | 1 2 3 4 |  4.0
Spellcasting   | 3 4 |  4.1
Shields        | 1 2 3 5 |  5.0
Hexes          | 4 5 6 8 |  8.2
Armour         | 2 |  2.7

Action                     |  1- 3 |  4- 6 |  7- 9 | 10-12 || total
---------------------------+-------+-------+-------+-------++-------
  Melee: Dagger            |   138 |   128 |   286 |   290 ||   842
         Punch             |       |     1 |       |       ||     1
   Cast: Ensorcelled Hiber |     7 |     8 |    27 |    45 ||    87
         Confusing Touch   |       |       |     7 |    12 ||    19
         Tukima's Dance    |       |       |       |     4 ||     4
  Evoke: Wand              |       |       |     1 |    22 ||    23
    Use: Scroll            |     2 |       |    15 |    10 ||    27
         Potion            |     2 |       |       |       ||     2
   Stab: Sleeping          |    17 |    14 |    23 |    33 ||    87
         Confused          |       |       |     3 |     7 ||    10
         Paralysed         |       |       |    11 |    35 ||    46
 Armour: Robe              |    83 |    70 |    96 |    83 ||   332
         Acid dragon scale |       |       |       |    40 ||    40
  Dodge: Dodged            |    92 |    78 |   147 |   196 ||   513
  Block: Buckler           |       |     5 |    52 |    59 ||   116

Levels and vault maps discovered:
D:1:      amcnicky_arrival_flooded_fountain, layout_basic
D:2:      layout_rooms, grunt_ministairs_9, uniq_robin
D:3:      minmay_evil_eye, layout_basic, serial_shops,
          nicolae_shop_overgrown_old_shop, grunt_decor_resistance
D:4:      cheibrodos_barr_body, layout_rooms
D:5:      layout_loops_corners
D:6:      kennysheep_slugbush, layout_loops_ring, temple_fountains, uniq_pikel
D:7:      layout_layer_cave, lemuel_crystal_altar
D:8:      layout_loops_ring, minmay_misc_feat_roman, uniq_grum
D:9:      layout_layer_cave, nicolae_overflow_quartered_altars,
          minmay_orc_entry_temple_small, serial_undead, serial_undead_f,
          serial_undead_b, serial_undead_b, serial_undead_d,
          lightli_church_of_beogh
D:10:     layout_long_grid
D:11:     layout_loops_corners, minmay_lair_entry_grove,
          ebering_ghost_inner_flame, nicolae_wooded_promenade,
          minmay_guarded_unrand_finisher, uniq_amaemon
D:12:     layout_roguey, nicolae_xom_altar_mimics
D:14:     layout_basic, david_vaults_1, serial_shops, shop,
          minmay_staircase_bubble
Temple:   bh_familiar_temple

Notes
Turn   | Place    | Note
-------+----------+-------------------------------------------
     0 | D:1      | kae the Demonspawn Enchanter began the quest for the Orb.
     0 | D:1      | Reached XP level 1. HP: 13/13 MP: 3/3
     0 | D:1      | magus.rc [v1.11.3]
    27 | D:1      | Reached skill level 1 in Short Blades
   142 | D:1      | Gained mutation: You are partially covered in slimy green
                  | scales. (AC +2) [demonic ancestry]
   142 | D:1      | Reached XP level 2. HP: 19/19 MP: 5/5
   300 | D:1      | Learned a level 2 spell: Ensorcelled Hibernation
   466 | D:1      | Reached skill level 2 in Dodging
   466 | D:1      | Gained mutation: You have a pair of small antennae on your
                  | head. [demonic ancestry]
   466 | D:1      | Reached XP level 3. HP: 19/25 MP: 1/6
   642 | D:1      | HP: 6/25 [frozen (5)]
  1065 | D:2      | Learned a level 3 spell: Confusing Touch
  1090 | D:2      | Reached skill level 3 in Stealth
  1129 | D:2      | HP: 5/25 [poisoned by an adder]
  1130 | D:2      | HP: 2/25 [poisoned by an adder]
  1135 | D:2      | HP: 1/25 [ball python (1)]
  1136 | D:2      | Reached skill level 1 in Fighting
  1230 | D:2      | Noticed Robin
  1240 | D:1      | HP: 3/26 [Robin/+5 dagger of venom (4)]
  1243 | D:1      | Killed Robin
  1244 | D:1      | Reached XP level 4. HP: 5/32 MP: 1/7
  1712 | D:2      | You pick up a book of Necromancy and begin reading...
  1712 | D:2      | You add the spells Necrotise, Vampiric Draining and Agony
                  | to your library.
  1898 | D:3      | Reached skill level 2 in Short Blades
  1960 | D:3      | Found Gaoguc's Assorted Antiques.
  1972 | D:3      | Bought a murky orange potion for 21 gold pieces
  1972 | D:3      | Bought an inky potion for 21 gold pieces
  2326 | D:3      | Noticed a centaur
  2336 | D:3      | Killed a centaur
  2337 | D:3      | Reached skill level 1 in Ice Magic
  2337 | D:3      | Gained mutation: You have a pair of antennae on your head.
                  | [demonic ancestry]
  2337 | D:3      | Reached XP level 5. HP: 17/38 MP: 0/9
  2834 | D:4      | Noticed an ogre
  2845 | D:3      | Gained mutation: You regenerate magic rapidly. [demonic
                  | ancestry]
  2845 | D:3      | Reached XP level 6. HP: 29/44 MP: 10/10
  3096 | D:3      | Bought a scroll labelled RIRPHO KESCH for 24 gold pieces
  3096 | D:3      | Bought a scroll labelled UZEZO XEUD for 24 gold pieces
  3115 | D:4      | Reached skill level 2 in Fighting
  3192 | D:4      | Noticed a water moccasin
  3194 | D:4      | Killed a water moccasin
  3195 | D:4      | Reached skill level 3 in Short Blades
  3195 | D:4      | Reached skill level 3 in Spellcasting
  3196 | D:4      | Reached XP level 7. HP: 51/51 MP: 11/11
  3230 | D:4      | Reached skill level 3 in Dodging
  3230 | D:4      | Reached skill level 2 in Ice Magic
  3237 | D:4      | Reached skill level 1 in Shields
  3315 | D:4      | Reached skill level 4 in Hexes
  3370 | D:4      | You pick up a book of Winter and begin reading...
  3370 | D:4      | You add the spells Ozocubu's Armour, Metabolic Englaciation
                  | and Simulacrum to your library.
  3392 | D:4      | Reached skill level 4 in Stealth
  3757 | D:5      | Entered Level 5 of the Dungeon
  3763 | D:5      | Learned a level 3 spell: Tukima's Dance
  3767 | D:5      | Learned a level 3 spell: Dazzling Flash
  4642 | D:6      | Reached skill level 3 in Fighting
  4642 | D:6      | Gained mutation: Spells you cast may paralyse adjacent
                  | enemies. [demonic ancestry]
  4642 | D:6      | Reached XP level 8. HP: 48/58 MP: 13/13
  4678 | D:6      | Noticed Pikel
  4689 | D:6      | Killed Pikel
  4690 | D:6      | Reached skill level 4 in Short Blades
  4690 | D:6      | Reached skill level 2 in Shields
  4892 | D:6      | Reached skill level 3 in Ice Magic
  5001 | D:6      | Reached skill level 4 in Spellcasting
  5224 | D:6      | Reached skill level 5 in Short Blades
  5367 | D:6      | Found a staircase to the Ecumenical Temple.
  5389 | Temple   | Entered the Ecumenical Temple
  5577 | D:6      | Reached skill level 4 in Dodging
  5577 | D:6      | Reached XP level 9. HP: 65/65 MP: 15/15
  5819 | D:7      | Reached skill level 4 in Fighting
  5819 | D:7      | Reached skill level 5 in Hexes
  5888 | D:7      | Reached skill level 5 in Stealth
  5933 | D:7      | Reached skill level 3 in Shields
  5947 | D:7      | Identified the +8 rapier "Amuicsuf" {flame, Dex+3}
  6301 | D:7      | Found a basalt altar of Yredelemnul.
  7083 | D:8      | Reached skill level 6 in Short Blades
  7276 | D:8      | Noticed Grum
  7283 | D:8      | Reached skill level 4 in Ice Magic
  7294 | D:8      | Killed Grum
  7833 | D:9      | Reached skill level 5 in Fighting
  7833 | D:9      | Gained mutation: Spells you cast may paralyse nearby
                  | enemies. [demonic ancestry]
  7833 | D:9      | Reached XP level 10. HP: 40/72 MP: 13/16
  8037 | D:9      | Noticed a two-headed ogre
  8046 | D:9      | Killed a two-headed ogre
  8047 | D:9      | Reached skill level 5 in Dodging
  8047 | D:9      | Reached skill level 4 in Shields
  8047 | D:9      | Reached skill level 6 in Hexes
  8170 | D:9      | Found a staircase to the Orcish Mines.
  8181 | D:9      | Reached skill level 6 in Stealth
  8421 | D:9      | Reached skill level 7 in Short Blades
  8671 | D:9      | Found an opulent altar of Gozag.
  8671 | D:9      | Found a stormy altar of Qazlal.
  8672 | D:9      | Found a shadowy altar of Dithmenos.
  8797 | D:9      | Reached skill level 6 in Fighting
  8864 | D:9      | Became a worshipper of Dithmenos the Shadowed
  8875 | D:9      | Noticed a two-headed ogre
  8882 | D:9      | Killed a two-headed ogre
  9306 | D:9      | Reached skill level 8 in Short Blades
  9308 | D:9      | Reached skill level 5 in Shields
  9336 | D:9      | Reached * piety under Dithmenos
  9400 | D:9      | Gained mutation: You punish those that try to bend your
                  | will. (Will+) [demonic ancestry]
  9400 | D:9      | Reached XP level 11. HP: 74/81 MP: 17/17
  9747 | D:10     | Entered Level 10 of the Dungeon
  9854 | D:10     | Reached skill level 7 in Stealth
  9873 | D:10     | Reached skill level 7 in Hexes
 10522 | D:10     | magus.rc [v1.11.3]
 10795 | D:11     | Found Daemif's Jewellery Shop.
 10795 | D:11     | Found Yxurr's Book Boutique.
 10795 | D:11     | Found Buphiu's Antique Armour Emporium.
 10797 | D:11     | Found Zocaw's Magic Scroll Shop.
 10810 | D:11     | Noticed Amaemon
 10954 | D:11     | Killed Amaemon
 10978 | D:11     | Reached skill level 7 in Fighting
 10978 | D:11     | Reached skill level 9 in Short Blades
 10978 | D:11     | Reached skill level 1 in Armour
 11043 | D:11     | Noticed a skeletal warrior
 11259 | D:11     | Found a staircase to the Lair.
 11537 | D:11     | Found a runed translucent door.
 11539 | D:11     | Noticed DEFE's ghost (journeyman DsWn)
 11614 | D:11     | Reached skill level 2 in Armour
 11767 | D:11     | Noticed a two-headed ogre
 11770 | D:11     | Killed a two-headed ogre
 11935 | D:11     | Noticed a stone giant
 11985 | D:11     | Bought a book of Hexes for 432 gold pieces
 11985 | D:11     | You pick up a book of Hexes and begin reading...
 11985 | D:11     | You add the spells Anguish, Cause Fear and Enfeeble to your
                  | library.
 11990 | D:11     | Learned a level 4 spell: Cause Fear
 12105 | D:12     | Found a shimmering altar of Xom.
 12105 | D:12     | Found a shimmering altar of Xom.
 12106 | D:12     | Found a shimmering altar of Xom.
 12107 | D:12     | Found a shimmering altar of Xom.
 12108 | D:12     | You fall into a shaft and drop 2 floors!
 12118 | D:14     | Noticed a centaur warrior
 12121 | D:14     | Killed a centaur warrior
 12122 | D:14     | Reached skill level 8 in Stealth
 12122 | D:14     | Reached skill level 8 in Hexes
 12164 | D:14     | Noticed a centaur warrior
 12178 | D:14     | Killed a centaur warrior
 12329 | D:14     | Found Erauk's Assorted Antiques.
 12337 | D:14     | Bought a scroll of identify for 62 gold pieces
 12341 | D:14     | Noticed a cyan ugly thing
 12342 | D:14     | Noticed a cyan ugly thing
 12343 | D:14     | Noticed a cyan ugly thing
 12345 | D:14     | Noticed a purple ugly thing
 12369 | D:14     | Killed a cyan ugly thing
 12370 | D:14     | Gained mutation: When hurt, damage is shared between your
                  | health and your magic reserves. [demonic ancestry]
 12370 | D:14     | Reached XP level 12. HP: 28/91 MP: 15/18
 12370 | D:14     | HP: 21/91 [cyan ugly thing (8)]
 12370 | D:14     | HP: 5/91 [cyan ugly thing (6)]
 12370 | D:14     | Mangled by a cyan ugly thing

Vanquished Creatures
  3 two-headed ogres
  2 centaur warriors (D:14)
  Amaemon (D:11)
  Pikel (D:6)
  An ugly thing (D:14)
  A manticore (D:11)
  An orange demon (D:11)
  A gargoyle (D:11)
  An unseen horror zombie (D:9)
  A troll (D:10)
  2 hornets
  A vampire (D:11)
  3 wyverns
  4 wraiths (D:11)
  Grum (D:8)
  A basilisk (D:11)
  14 yaks
  3 steam dragons
  2 vampire mosquitoes (D:14)
  An acid dragon (D:11)
  5 water moccasins
  11 orc warriors
  4 sky beasts
  5 black bears
  An ice beast (D:4)
  A centaur (D:3)
  An ogre (D:4)
  5 wolves
  A kobold brigand (D:7)
  4 bullfrogs
  2 wyvern zombies (D:9)
  2 gnoll sergeants
  2 scorpions
  6 wights
  2 jellies
  A howler monkey (D:6)
  An electric eel (D:11)
  2 centaur zombies (D:9)
  2 hounds
  10 orc priests
  6 iguanas
  A sleepcap (D:7)
  7 orc wizards
  Robin (D:1)
  8 gnolls
  5 adders
  2 shadow imps (D:6)
  4 white imps
  2 ufetubi (D:6)
  2 worms
  10 dart slugs
  40 orcs
  9 ball pythons
  7 bats
  6 endoplasms
  5 giant cockroaches
  22 goblins
  10 hobgoblins
  7 jackals
  15 kobolds
  4 quokkas
  3 frilled lizards
  10 rats
299 creatures vanquished.

Vanquished Creatures (others)
  A dancing weapon (D:11)
1 creature vanquished.

Grand Total: 300 creatures vanquished

Table legend:
 A = Non-vault XP
 B = Vault XP
 C = Vault XP percentage of total XP
 D = Non-vault monster count
 E = Vault monster count
 F = Vault count percentage of total count
                 A         B        C        D         E       F
            +---------+---------+-------+---------+---------+-------
      Total |   14864 |    7546 |  33.7 |     197 |     102 |  34.1
            +---------+---------+-------+---------+---------+-------
        D:1 |      61 |      17 |  21.8 |      28 |       3 |   9.7
        D:2 |      46 |      19 |  29.2 |      20 |      10 |  33.3
        D:3 |     190 |      44 |  18.8 |      17 |       4 |  19.0
        D:4 |     302 |     349 |  53.6 |      18 |      15 |  45.5
        D:5 |     283 |       0 |   0.0 |      10 |       0 |   0.0
        D:6 |     860 |     705 |  45.0 |      18 |       9 |  33.3
        D:7 |     968 |       0 |   0.0 |      24 |       0 |   0.0
        D:8 |    1135 |     541 |  32.3 |      15 |       4 |  21.1
        D:9 |    3418 |    2236 |  39.5 |      15 |      41 |  73.2
       D:10 |    2635 |       0 |   0.0 |      20 |       0 |   0.0
       D:11 |    2371 |    3635 |  60.5 |       7 |      16 |  69.6
       D:14 |    2595 |       0 |   0.0 |       5 |       0 |   0.0
            +---------+---------+-------+---------+---------+-------

Skill      XL: |  1  2  3  4  5  6  7  8  9 10 11 |
---------------+----------------------------------+-----
Short Blades   | 1 2 3 5 6 8 9 |  9.8
Dodging        | 2 3 4 5 |  5.1
Stealth        | 3 4 5 6 8 |  8.0
Fighting       | 1 2 3 5 6 7 |  7.6
Ice Magic      | 1 2 3 4 |  4.0
Spellcasting   | 3 4 |  4.1
Shields        | 1 2 3 5 |  5.0
Hexes          | 4 5 6 8 |  8.2
Armour         | 2 |  2.7

Action                     |  1- 3 |  4- 6 |  7- 9 | 10-12 || total
---------------------------+-------+-------+-------+-------++-------
  Melee: Dagger            |   138 |   128 |   286 |   290 ||   842
         Punch             |       |     1 |       |       ||     1
   Cast: Ensorcelled Hiber |     7 |     8 |    27 |    45 ||    87
         Confusing Touch   |       |       |     7 |    12 ||    19
         Tukima's Dance    |       |       |       |     4 ||     4
  Evoke: Wand              |       |       |     1 |    22 ||    23
    Use: Scroll            |     2 |       |    15 |    10 ||    27
         Potion            |     2 |       |       |       ||     2
   Stab: Sleeping          |    17 |    14 |    23 |    33 ||    87
         Confused          |       |       |     3 |     7 ||    10
         Paralysed         |       |       |    11 |    35 ||    46
 Armour: Robe              |    83 |    70 |    96 |    83 ||   332
         Acid dragon scale |       |       |       |    40 ||    40
  Dodge: Dodged            |    92 |    78 |   147 |   196 ||   513
  Block: Buckler           |       |     5 |    52 |    59 ||   116

Illustrated notes

Table legend:
 A = Kills in this place as a percentage of kills in the entire game.
 B = Kills by you in this place as a percentage of kills by you in the entire game.
 C = Kills by friends in this place as a percentage of kills by friends in the entire game.
 D = Other kills in this place as a percentage of other kills in the entire game.
 E = Experience gained in this place as a percentage of experience gained in the entire game.
 F = Experience gained in this place divided by the number of levels of this place that you have seen.
                   A       B       C       D       E      F
               +-------+-------+-------+-------+-------+----------------------
         Total | 100.0 | 100.0 |   N/A | 100.0 | 100.0 | 1600.7
       Dungeon | 100.0 | 100.0 |   N/A | 100.0 | 100.0 | 1723.8
               +-------+-------+-------+-------+-------+----------------------

Table legend: (Time is in decaauts)
 A = Elapsed time spent in this place.
 B = Non-inter-level travel time spent in this place.
 C = Inter-level travel time spent in this place.
 D = Time resting spent in this place.
 E = Time spent auto-exploring this place.
 F = Levels seen in this place.
 G = Mean time per level.
                   A        B        C        D        E       F      G
               +--------+--------+--------+--------+--------+-----+--------+
         Total |  12206 |  11653 |    553 |    343 |   9060 |  14 |  871.9 |
       Dungeon |  12204 |  11651 |    553 |    343 |   9060 |  13 |  938.8 |
        Temple |      1 |      1 |      0 |      0 |      0 |   1 |    1.0 |
               +--------+--------+--------+--------+--------+-----+--------+

Top non-repeatable levels by time:
     D:9: 1941 daAuts
    D:11: 1487 daAuts
     D:3: 1240 daAuts
     D:1: 1185 daAuts
     D:7: 1138 daAuts
     D:6: 958 daAuts
     D:8: 945 daAuts
     D:5: 896 daAuts
    D:10: 771 daAuts
     D:4: 726 daAuts
     D:2: 602 daAuts
    D:14: 255 daAuts
    D:12: 54 daAuts
  Temple: 1 daAuts
